 Dungeon Crawl Stone Soup version 0.30-a0-141-g30f27751c5 (webtiles) character file.

Game seed: 9251672259139525018

132 qw the Chopper (level 5, -4/32 HPs)
             Began as a Gargoyle Fighter on Sept 25, 2022.
             Killed by divine providence
             ... invoked by an orc priest
              (11 damage)
             ... on level 4 of the Dungeon.
             The game lasted 00:01:00 (3064 turns).

qw the Chopper (Gargoyle Fighter)                   Turns: 3064, Time: 00:01:00

Health: -4/32      AC: 13    Str: 22    XL:     5   Next: 15%
Magic:  0/5        EV:  7    Int:  8    God:
Gold:   237        SH:  5    Dex: 15    Spells: 4/4 levels left

rFire   . . .      SeeInvis .    Y - +0 war axe
rCold   . . .      Faith    .    c - +0 buckler
rNeg    + . .      Spirit   +    a - +0 chain mail
rPois   inf        Reflect  .    (no helmet)
rElec   +          Harm     .    (no cloak)
rCorr   .          Rampage  .    (no gloves)
Will    .....                    (no boots)
Stlth   ..........               n - amulet of Kanno {Spirit Regen+}
HPRegen 0.90/turn                e - +6 ring of dexterity
MPRegen 0.09/turn                (no ring)

@: no status effects
A: sickness immunity, AC +4, negative energy resistance 1, electricity
resistance, torment resistance 1, petrification resistance
a: no special abilities


You were on level 4 of the Dungeon.
You visited 1 branch of the dungeon, and saw 4 of its levels.

You collected 237 gold pieces.


Innate Abilities, Weirdness & Mutations

You are immune to sickness and miasma.
Your stone body is resilient. (AC +4)
You are immune to poison.
You resist negative energy. (rN+)
You are resistant to electric shocks. (rElec)
You are resistant to unholy torment.
You are immune to petrification.


   Skills:
 - Level 3.2 Fighting
 + Level 4.4 Axes
 - Level 3.2 Armour
 - Level 1.0 Dodging
 - Level 3.2 Shields


You had 4 spell levels left.
You didn't know any spells.
Your spell library was empty.

Inventory:

Hand Weapons
 b - a +0 flail
 Y - a +0 war axe (weapon)
Armour
 a - a +0 chain mail (worn)
 c - a +0 buckler (worn)
Jewellery
 e - a +6 ring of dexterity (left hand)
 n - the amulet of Kanno (around neck) {Spirit Regen+}
   (You found it on level 3 of the Dungeon)

   [amulet of guardian spirit]

   It causes incoming damage to be divided between your reserves of health and
   magic.
   Regen:     It increases your rate of health regeneration.
Scrolls
 j - a scroll of identify
Potions
 d - a potion of might
 i - a potion of curing
 k - a potion of degeneration {unknown}
 l - a potion of heal wounds
 m - a potion of brilliance {unknown}
 o - a potion of flight {unknown}

Dungeon Overview and Level Annotations

Branches:
Dungeon (4/15)
 Temple: D:4-7

Altars:


Message History

The puff of flame hits you! The kobold hits you but does no damage.
You closely miss the kobold. You miss something.
The kobold hits you but does no damage.
You closely miss the orc priest.
The hound barks!
You slash the kobold!
You kill the kobold!
You miss something. Something hits you but does no damage.
The orc priest miscasts a cantrip.
You hear some strange, mumbled words.
Something tries to affect you, but you resist.
The orc priest casts a cantrip, but nothing happens.
You barely miss the orc priest. You completely miss something.
The orc priest barely misses you. Something hits you but does no damage.
You hit the orc priest.
The orc priest is lightly wounded.
You completely miss something.
The orc priest looks encouraged for a moment.
Something hits you but does no damage.
You slash the orc priest!
The orc priest is heavily wounded.
You hit something. You slash the hound! The hound bites you.
The orc priest hits you but does no damage.
You block something's attack.
The orc priest invokes the aid of Beogh against you.
Beogh smites you!
You hear some strange, mumbled words.
A magic dart appears from out of thin air!
The magic dart hits you. The hound bites you but does no damage.
You barely miss the hound.
The hound is severely wounded.
You barely miss something. You hit the orc priest. The hound bites you.
A gnoll comes into view. It is wielding a +0 halberd.
Something hits you but does no damage.
The orc priest invokes the aid of Beogh against you.
Beogh smites you!
You die...

#. #. # .. #.
#. .## ##
#.#.. .. ##
#... .# ####
g..###ho#####
##.##...
......{@)...#
......#
......).###.#
#....
#######.# #.#
#..# #.###.##
#<.#
#.##...###..#
#....#......#
####..)###.##
##.## #.# #.#
#.#


You could see a hound, an orc priest and a gnoll (wandering).

Vanquished Creatures
  A hound (D:4)
  4 adders
  8 orcs
  4 bats
  6 endoplasms
  7 goblins
  7 hobgoblins
  8 kobolds
  2 quokkas
  3 ball pythons
  5 frilled lizards
  3 rats
58 creatures vanquished.

Vanquished Creatures (others)
  4 fungi (D:4)
4 creatures vanquished.

Grand Total: 62 creatures vanquished

Notes
Turn   | Place    | Note
-------+----------+-------------------------------------------
     0 | D:1      | qw the Gargoyle Fighter began the quest for the Orb.
     0 | D:1      | Reached XP level 1. HP: 14/14 MP: 1/1
     0 | D:1      | 0 ||| qw: Version: 0.2-a-9-ge00f85e
     0 | D:1      | 0 ||| qw: Game counter: 91
     0 | D:1      | 0 ||| qw: Always use a shield: true
     0 | D:1      | 0 ||| qw: God list: Okawaru
     0 | D:1      | 0 ||| qw: Allow faded altars: false
     0 | D:1      | 0 ||| qw: Do Orc after D:15 true
     0 | D:1      | 0 ||| qw: Do second Lair branch before Depths: true
     0 | D:1      | 0 ||| qw: Lair rune preference: random
     0 | D:1      | 0 ||| qw: Plans: Normal, Zot:1-4, God:TSO, Crypt, Tomb,
                  | Pan, Slime:5, Hells, Abyss, Orb
     0 | D:1      | 0 ||| PLANNING D:1-11
    36 | D:1      | Reached skill level 2 in Axes
   334 | D:1      | Reached XP level 2. HP: 19/19 MP: 2/2
   685 | D:1      | 685 ||| Stepping ~*~*~tactically~*~*~ (stealth).
   762 | D:1      | Reached skill level 3 in Axes
   939 | D:1      | 939 ||| UPGRADING to +6 ring of dexterity.
   940 | D:1      | 940 ||| READING scroll labelled ECAANI PUDAYMN.
   941 | D:1      | 941 ||| READING scroll labelled DUMMOH FAWANGI.
   942 | D:1      | 942 ||| READING scroll labelled NUPOAXK RATIR.
   945 | D:1      | 945 ||| READING scroll labelled XUNGIE NAREEFF.
   946 | D:1      | 946 ||| DRINKING 2 metallic green potions.
   965 | D:2      | Reached XP level 3. HP: 23/23 MP: 3/3
  1041 | D:2      | 1041 ||| Stepping ~*~*~tactically~*~*~ (stealth).
  1043 | D:2      | Reached skill level 1 in Dodging
  1111 | D:2      | Found a faded altar of an unknown god.
  1652 | D:2      | 1652 ||| DROPPING ring of wizardry.
  1653 | D:2      | 1653 ||| READING 2 scrolls labelled AHOAPL CAFUN.
  1654 | D:2      | 1654 ||| READING scroll labelled UPOUTO ZONEUSM.
  1702 | D:2      | 1702 ||| READING 2 scrolls labelled FAHEAMN IHUVE.
  1703 | D:2      | 1703 ||| READING scroll labelled GERRIA IC HAA.
  1704 | D:2      | 1704 ||| DRINKING 2 emerald potions.
  1705 | D:2      | 1705 ||| DROPPING scroll of fear.
  1706 | D:2      | 1706 ||| DROPPING scroll of fog.
  1853 | D:3      | Identified the amulet of Kanno {Spirit Regen+}
  1902 | D:3      | 1902 ||| UPGRADING to +0 chain mail.
  1914 | D:3      | Reached XP level 4. HP: 21/28 MP: 4/4
  1982 | D:3      | 1982 ||| DROPPING +0 scale mail.
  2008 | D:3      | 2008 ||| DROPPING +0 whip.
  2755 | D:3      | 2755 ||| UPGRADING to amulet of Kanno {Spirit Regen+}.
  2760 | D:3      | 2760 ||| READING scroll labelled YZANUV EWKATE.
  2861 | D:3      | 2861 ||| READING scroll labelled XUDDIF PIVUBAL.
  2862 | D:3      | 2862 ||| READING scroll labelled SUCASH GUPHUOPP.
  2863 | D:3      | 2863 ||| DRINKING 2 fizzy silvery potions.
  2968 | D:3      | 2968 ||| DROPPING potion of berserk rage.
  2985 | D:4      | 2985 ||| STAIRDANCE
  2992 | D:3      | Reached skill level 4 in Axes
  3035 | D:4      | Reached XP level 5. HP: 30/32 MP: 3/5
  3039 | D:4      | 3039 ||| Stepping ~*~*~tactically~*~*~ (stealth).
  3064 | D:4      | HP: 7/32 [hound (4)]
  3064 | D:4      | Killed from afar by an orc priest

Levels and vault maps discovered:
D:1:      wander_arrival_abandoned_jail, layout_loops_corners
D:2:      layout_loops_cross, shapermc_ecumenical_altar_pompeii,
          minmay_pentomino_u2
D:3:      layout_loops_corners, nicolae_kite_square_tiling_tiny,
          minmay_misc_feat_plants
D:4:      layout_loops_ring, gammafunk_ghost_necromancy, dreamdust_gnoll_farm,
          uniq_duvessa

Skill      XL: |  1  2  3  4 |
---------------+-------------+-----
Axes           | 2 3 4 |  4.4
Dodging        | 1 |  1.0
Fighting       | |  3.2
Armour         | |  3.2
Shields        | |  3.2

Action                   |  1- 3 |  4- 6 || total
-------------------------+-------+-------++-------
Melee: War axe           |    82 |    72 ||   154
  Use: Scroll            |     8 |     3 ||    11
       Potion            |     2 |     1 ||     3
Armor: Scale mail        |    24 |       ||    24
       Chain mail        |     2 |    50 ||    52
       Skin              |     1 |       ||     1
Dodge: Dodged            |    33 |    22 ||    55
Block: Buckler           |    15 |    14 ||    29

Table legend:
 A = Non-vault XP
 B = Vault XP
 C = Vault XP percentage of total XP
 D = Non-vault monster count
 E = Vault monster count
 F = Vault count percentage of total count
                 A         B        C        D         E       F
            +---------+---------+-------+---------+---------+-------
      Total |     146 |      43 |  22.8 |      55 |       3 |   5.2
            +---------+---------+-------+---------+---------+-------
        D:1 |      33 |       0 |   0.0 |      22 |       0 |   0.0
        D:2 |      32 |       3 |   8.6 |      12 |       2 |  14.3
        D:3 |      62 |       0 |   0.0 |      13 |       0 |   0.0
        D:4 |      19 |      40 |  67.8 |       8 |       1 |  11.1
            +---------+---------+-------+---------+---------+-------
